Map: Site Delta LE

Players

Subwayeatn - Winner!

  • Race: Zerg Zerg
  • League: Platinum
  • Spawn Location: 11:00

Prefix

  • Race: Protoss Protoss
  • League: Platinum
  • Spawn Location: 5:00

VOD

Have the link to the VOD?

Description

Time

  • Played on: Nov. 8, 2023, 1:42 p.m.
  • Length: 3:15
Show
View Real Time Build Order
Export as new Build Order

Subwayeatn Zerg - Winner!

Build Orders: Pool First 

Get SALT Encoding   

  12  0:00  Drone  
  13  0:13  Overlord  
  13  0:19  Drone  
  14  0:26  Extractor  
  13  0:37  Spawning Pool  
  12  1:05  Hatchery  
  11  1:24  Queen  
  13  1:39  Metabolic Boost  
  13  1:41  Zergling x2  
  13  1:43  Zergling x2  
  15  1:48  Zergling x2  
  16  1:55  Zergling x2  
  17  2:04  Zergling x2  
  18  2:17  Zergling x2  
  19  2:28  Zergling x6  
Show
View Real Time Build Order
Export as new Build Order

Prefix Protoss 

Build Orders:  

Get SALT Encoding   

  12  0:00  Probe  
  13  0:12  Probe  
  14  0:22  Pylon  
  14  0:34  Probe  
  15  0:43  Pylon  
  15  0:46  Probe  
  16  0:56  Gateway  
  16  1:02  Gateway  
  16  1:06  Assimilator  
  16  1:11  Probe (Chrono Boost)  
  17  1:20  Probe (Chrono Boost)  
  17  1:25  Probe (Chrono Boost)  
  19  1:44  Cybernetics Core  
  19  1:45  Probe  
  20  1:49  Assimilator  
  20  1:58  Gateway  
  20  2:09  Probe  
  21  2:21  Probe  
  26  2:30  Adept (Chrono Boost)  
  26  2:33  Probe  
  27  2:37  Pylon  
  27  2:47  Pylon  
  27  2:49  Pylon  
Tags
 
Matchup
PvZ
Opening
Pool First
Replay Pack
Multiplayer
Spawn Locations
Cross Positions
Add a new tag
Caveats
  • Supply blocks, unpowered buildings, or Contaminate may cause inaccurate times.
  • Supply counts are checked every 10 seconds.